 Dungeon Crawl Stone Soup version 0.26-a0-1181-gd376ed14c5 (webtiles) character file.

Game seed: 13866947002982167236

12755 Arthanis the Arsonist (level 11, -51/57 HPs)
             Began as a Deep Elf Fire Elementalist on Dec 26, 2020.
             Was a Believer of Vehumet.
             Killed from afar by a frost giant (58 damage)
             ... with a bolt of cold
             ... in an ice cave.
             The game lasted 00:25:41 (12538 turns).

Arthanis the Arsonist (Deep Elf Fire Elementalist) Turns: 12538, Time: 00:25:41

Health: -51/57     AC:  4    Str:  5    XL:     11   Next: 66%
Magic:  5/37       EV: 14    Int: 24    God:    Vehumet [**....]
Gold:   126        SH:  0    Dex: 15    Spells: 20/33 levels left

rFire    . . .     SeeInvis +   j - +1 whip (drain)
rCold    . . .     Faith    .   (no shield)
rNeg     . . .     Spirit   .   p - +0 robe
rPois    .         Reflect  .   (no helmet)
rElec    .         Harm     .   E - +0 cloak
rCorr    .         Rampage  .   (no gloves)
Will     +....                  g - +0 pair of boots
Stlth    ++........             z - amulet of magic regeneration
HPRegen  0.19/turn              v - ring of see invisible
MPRegen  0.50/turn              P - ring of magical power

@: no status effects
A: no striking features
a: Renounce Religion


You were in an ice cave.
You worshipped Vehumet.
Vehumet was pleased with you.
You visited 2 branches of the dungeon, and saw 13 of its levels.
You also visited: Ice Cave.

You collected 461 gold pieces.
You spent 335 gold pieces at shops.

Inventory:

Hand Weapons
 j - a +1 whip of draining (weapon)
 B - the cursed +1 trident of the Extremely Mad {vamp, rN+ Will++ Dex-5 SInv}
   (You found it on level 5 of the Dungeon)

   It inflicts no extra harm, but heals its wielder when it wounds a living foe.
   It affects your dexterity (-5).
   It protects you from negative energy.
   It affects your willpower, your defense against some magical effects.
   It lets you see invisible.
   It has a curse placed upon it.
 D - a +4 quarterstaff of chaos
Armour
 g - a +0 pair of boots (worn)
 p - a +0 robe (worn)
 E - a +0 cloak (worn)
 K - a +0 buckler
Jewellery
 h - an uncursed ring of fire
 u - an uncursed amulet of reflection
 v - a ring of see invisible (left hand)
 z - an amulet of magic regeneration (around neck)
 G - an uncursed amulet of guardian spirit
 P - a ring of magical power (right hand)
Wands
 t - a wand of disintegration (10)
 I - a wand of random effects (12)
 J - a wand of flame (13)
 L - a wand of paralysis (1)
 Q - a wand of acid (17)
Scrolls
 c - a scroll of teleportation
 d - 3 scrolls of enchant weapon
 k - 4 scrolls of fear
 l - 12 scrolls of remove curse
 m - 2 scrolls of magic mapping
 n - 2 scrolls of blinking
 w - 2 scrolls of amnesia {unknown}
 x - a scroll of random uselessness {unknown}
 y - 2 scrolls of fog {unknown}
 H - a scroll of acquirement {unknown}
 M - a scroll of immolation {unknown}
 N - a scroll of enchant armour {unknown}
 U - a scroll of brand weapon {unknown}
Potions
 b - a potion of magic {unknown}
 i - 7 potions of curing
 o - 2 potions of lignification
 r - 3 potions of flight
 s - 6 potions of heal wounds {unknown}
 A - 2 potions of attraction {unknown}
 F - 5 potions of might {unknown}
 O - 2 potions of haste {unknown}
 R - 3 potions of mutation {unknown}
 S - 3 potions of cancellation {unknown}
 T - a potion of ambrosia {unknown}


   Skills:
 - Level 2.0 Fighting
 + Level 4.2 Dodging
 - Level 3.0 Stealth
 + Level 11.8 Spellcasting
 + Level 9.9 Conjurations
 * Level 13.8 Fire Magic
 + Level 4.0 Evocations


You had 20 spell levels left.
You knew the following spells:

 Your Spells              Type           Power        Failure   Level
a - Foxfire               Conj/Fire      100%         1%          1
b - Conjure Flame         Conj/Fire      63%          1%          3
c - Sticky Flame          Conj/Fire      63%          1%          4
d - Fireball              Conj/Fire      31%          1%          5

Your spell library contained the following spells:

 Spells                   Type           Power        Failure   Level
 Searing Ray              Conj           100%         1%          2
 Inner Flame              Hex/Fire       47%          1%          3
 Beastly Appendage        Tmut           28%          4%          1
 Wereblood                Tmut           14%          7%          2
 Gell's Gravitas          Tloc           7%           13%         3
 Portal Projectile        Hex/Tloc       28%          13%         3
 Spider Form              Tmut/Pois      7%           13%         3
 Ice Form                 Ice/Tmut       14%          41%         4
 Blade Hands              Tmut           7%           77%         5
 Dispersal                Tloc           7%           100%        6
 Disjunction              Tloc           7%           100%        8


Dungeon Overview and Level Annotations

Branches:
Dungeon (12/15)            Temple (1/1) D:7            Lair (0/6) D:11
  IceCv (1/1)
    Orc: D:9-12

Altars:
Ashenzari
Cheibriados
Dithmenos
Elyvilon
Fedhas
Gozag
Hepliaklqana
Kikubaaqudgha
Makhleb
Nemelex Xobeh
Okawaru
Qazlal
Ru
Sif Muna
Trog
Uskayaw
Vehumet
Wu Jian
Xom
Yredelemnul
Zin
The Shining One

Shops:
D:6 [*   D:8 *   D:9 :*=}   D:11 *


Message History

The fireball explodes!
The fireball engulfs the frost giant!
The frost giant is severely wounded.
Casting: Fireball (dangerous; 1% risk of failure)
Confirm with . or Enter, or press ? or * to list all spells.
Aiming: Fireball (dangerous; 1% risk of failure)
Press: ? - help, Shift-Dir - straight line, f/p - frost giant
Aim: a frost giant, wielding a +1 battleaxe of freezing (severely wounded)
The fireball explodes!
The fireball engulfs the frost giant!
The frost giant is almost dead.
Casting: Fireball (dangerous; 1% risk of failure)
Confirm with . or Enter, or press ? or * to list all spells.
Aiming: Fireball (dangerous; 1% risk of failure)
Press: ? - help, Shift-Dir - straight line, f/p - frost giant
Aim: a frost giant, wielding a +1 battleaxe of freezing (almost dead)
The fireball explodes!
The fireball engulfs the frost giant.
The frost giant is almost dead.
The frost giant casts a spell at you. The bolt of cold hits you!!!
Ouch! That really hurt!
You die...

##..รท#.####
###......##
####....## ####..##
###..# ###....#
###....### #####
###....### h...###
####@...###
.#.C..#######.C..####
####.....#....#### #
####......## ########


You could see a frost giant.

Vanquished Creatures
  A two-headed ogre (D:7)
  2 ugly things (D:11)
  2 ice statues (IceCv)
  2 rime drakes (D:11)
  11 polar bears (IceCv)
  A slime creature (D:12)
  3 trolls
  A wraith (D:12)
  10 yaks
  3 wyverns (D:11)
  2 orc warriors
  2 water moccasins (D:11)
  3 sky beasts
  2 black bears
  2 ice beasts
  4 ogres
  A phantom (D:7)
  11 wolves
  3 centaurs
  6 bullfrogs
  A wyvern skeleton (D:10)
  A scorpion (D:8)
  A water moccasin zombie (D:7)
  7 howler monkeys
  A bullfrog zombie (D:5)
  3 centaur zombies
  2 hounds
  3 orc priests
  Crazy Yiuf (D:5)
  2 gnoll shamans
  12 orc wizards
  4 iguanas
  9 worker ants
  2 worker ant zombies
  14 gnolls
  11 adders
  2 shadow imps
  A white imp (D:4)
  An ufetubus (D:6)
  2 oozes
  An adder zombie (D:7)
  3 adder skeletons
  6 worms
  3 dart slugs
  2 leopard geckos
  36 orcs
  8 bats
  8 giant cockroaches
  6 hobgoblins
  7 jackals
  A quokka (D:3)
  2 ball pythons
  6 frilled lizards
  11 goblins
  A jackal zombie (D:6)
  11 kobolds
  A leopard gecko skeleton (D:5)
  A leopard gecko zombie (D:5)
  7 rats
273 creatures vanquished.

Vanquished Creatures (collateral kills)
  5 foxfires (D:2)
5 creatures vanquished.

Vanquished Creatures (others)
  1173 foxfires
  5 fungi (D:11)
  19 plants (D:11)
1197 creatures vanquished.

Grand Total: 1475 creatures vanquished

Notes
Turn   | Place    | Note
-------+----------+-------------------------------------------
     0 | D:1      | Arthanis the Deep Elf Fire Elementalist began the quest for
                  | the Orb.
     0 | D:1      | Reached XP level 1. HP: 10/10 MP: 6/6
   112 | D:1      | Reached XP level 2. HP: 15/15 MP: 1/8
   850 | D:1      | Reached skill level 4 in Fire Magic
   918 | D:1      | Reached XP level 3. HP: 19/19 MP: 3/10
  1339 | D:2      | Learned a level 3 spell: Conjure Flame
  1915 | D:2      | Reached XP level 4. HP: 24/24 MP: 6/12
  1937 | D:2      | Learned a level 4 spell: Sticky Flame
  2661 | D:3      | Reached skill level 5 in Fire Magic
  2693 | D:3      | Reached XP level 5. HP: 28/28 MP: 9/13
  3119 | D:3      | Found a hazy altar of Hepliaklqana.
  3375 | D:3      | Reached skill level 5 in Spellcasting
  3375 | D:3      | Reached XP level 6. HP: 28/32 MP: 8/15
  3381 | D:3      | Learned a level 5 spell: Fireball
  3845 | D:4      | Reached skill level 6 in Fire Magic
  4080 | D:4      | Found an iron altar of Okawaru.
  4455 | D:5      | Entered Level 5 of the Dungeon
  4566 | D:5      | Reached XP level 7. HP: 36/36 MP: 7/17
  4692 | D:5      | Reached skill level 7 in Fire Magic
  4951 | D:5      | Found a runed translucent door.
  4952 | D:5      | Noticed Crazy Yiuf
  5007 | D:5      | Got a crystal trident
  5517 | D:5      | Killed Crazy Yiuf
  5570 | D:6      | Identified the cursed +1 trident of the Extremely Mad
                  | {vamp, rN+ Will++ Dex-5 SInv} (You found it on level 5 of
                  | the Dungeon)
  5728 | D:6      | Found Zedo's General Store.
  5730 | D:6      | Bought a potion of curing for 33 gold pieces
  5758 | D:6      | Reached XP level 8. HP: 41/41 MP: 14/19
  5943 | D:6      | Reached skill level 5 in Conjurations
  5943 | D:6      | Reached skill level 8 in Fire Magic
  6255 | D:6      | Found Dodove Boi's Antique Armour Boutique.
  6714 | D:7      | Found a staircase to the Ecumenical Temple.
  6943 | D:7      | Reached skill level 9 in Fire Magic
  6953 | Temple   | Entered the Ecumenical Temple
  7067 | Temple   | Became a worshipper of Vehumet
  7140 | D:7      | Noticed a two-headed ogre
  7299 | D:7      | Reached XP level 9. HP: 41/45 MP: 15/23
  7514 | D:7      | Killed a two-headed ogre
  7515 | D:7      | Reached skill level 10 in Fire Magic
  7615 | D:7      | Found a bloodstained altar of Trog.
  7616 | D:7      | Found a sparkling altar of Nemelex Xobeh.
  7616 | D:7      | Found a basalt altar of Yredelemnul.
  7616 | D:7      | Found a shimmering altar of Xom.
  7617 | D:7      | Found a glowing golden altar of the Shining One.
  7618 | D:7      | Found an ancient bone altar of Kikubaaqudgha.
  8099 | D:8      | Found Cutaacent's General Store.
  8102 | D:8      | Bought a scroll of identify for 26 gold pieces
  8102 | D:8      | Bought a potion of flight for 39 gold pieces
  8302 | D:8      | Reached skill level 11 in Fire Magic
  8590 | D:9      | Reached * piety under Vehumet
  8590 | D:9      | Offered knowledge of Freeze by Vehumet.
  8852 | D:9      | Found Zisaun's Jewellery Shoppe.
  8872 | D:9      | Found Gyept's Gadget Emporium.
  8931 | D:9      | Found Heejav's General Store.
  9067 | D:9      | Found Omifuu's Book Shop.
  9084 | D:9      | Noticed a troll
  9090 | D:9      | Killed a troll
  9091 | D:9      | Reached XP level 10. HP: 50/50 MP: 19/25
  9569 | D:10     | Entered Level 10 of the Dungeon
  9626 | D:10     | Found a stormy altar of Qazlal.
  9846 | D:10     | You fall into a shaft and drop 2 floors!
  9856 | D:12     | Found a stormy altar of Qazlal.
 10060 | D:12     | Reached skill level 1 in Evocations
 10184 | D:12     | Reached skill level 1 in Fighting
 10184 | D:12     | Reached skill level 10 in Spellcasting
 10274 | D:12     | Found a shadowy altar of Dithmenos.
 10489 | D:11     | Noticed a brown ugly thing
 10497 | D:11     | Noticed a boulder beetle
 10502 | D:11     | Found a staircase to the Lair.
 10502 | D:11     | Noticed a two-headed ogre
 10528 | D:11     | Reached skill level 12 in Fire Magic
 10624 | D:11     | Offered knowledge of Searing Ray by Vehumet.
 10626 | D:11     | Reached ** piety under Vehumet
 10712 | D:11     | Found Joegonn's Assorted Antiques.
 10715 | D:11     | Bought a potion of curing for 84 gold pieces
 10715 | D:11     | Bought a silvery potion for 25 gold pieces
 10715 | D:11     | Bought a metallic puce potion for 25 gold pieces
 10715 | D:11     | Bought a scroll labelled LEIDAISHEV for 28 gold pieces
 10715 | D:11     | Bought 2 silvery potions for 50 gold pieces
 10715 | D:11     | Bought a ruby potion for 25 gold pieces
 10736 | D:11     | Noticed a brown ugly thing
 10736 | D:11     | Noticed a brown ugly thing
 10769 | D:11     | Killed a brown ugly thing
 10776 | D:11     | Killed a brown ugly thing
 10859 | D:11     | Reached XP level 11. HP: 39/57 MP: 5/27
 10866 | D:11     | Found a frozen archway.
 10951 | IceCv    | Entered an ice cave
 10983 | IceCv    | Reached skill level 13 in Fire Magic
 12193 | IceCv    | Noticed a frost giant
 12538 | IceCv    | Killed from afar by a frost giant

Illustrated notes

Levels and vault maps discovered:
D:1:      evilmike_arrival_rings, layout_basic, minmay_tetromino_l4
D:2:      layout_loops_ring, serial_forest, infiniplex_forest_end_1,
          infiniplex_forest_clump_curved, infiniplex_forest_zigzag_1,
          infiniplex_forest_lined_3, infiniplex_forest_end_double,
          infiniplex_forest_lined_corner, minmay_close_crescents
D:3:      layout_rooms, nzn_hepliaklqana_mist_gate
D:4:      layout_basic, okawaru_gym_becter, nrook_campfire,
          kennysheep_generic_room_2
D:5:      layout_cave_pools, uniq_crazy_yiuf_cottage
D:6:      layout_loops_ring, serial_shops, nicolae_shop_trees, shop,
          chequers_serial_rivers_large_a
D:7:      layout_rooms, grunt_temple_overflow_open, temple_statues
D:8:      layout_rooms, serial_shops, nicolae_shop_window_shopping
D:9:      layout_irregular_city, serial_shops,
          nicolae_shop_competitors_out_of_business, shop, shop,
          nicolae_shop_crystal, serial_column_ruins, column_ruins_hut_water,
          column_ruins_open_small, column_ruins_grid_1,
          column_ruins_open_small_water, column_ruins_columns_straight,
          column_ruins_open_medium, column_ruins_open_small, minivault_23
D:10:     layout_basic, nicolae_qazlal_general_emergency
D:11:     layout_loops_corners, minmay_lair_entry_grove, serial_shops,
          nicolae_shop_window_shopping, portal_ice_cave_rime,
          gammafunk_ghost_necromancy, st_stairs_5
D:12:     layout_loops_ring, erik_orc_3, nicolae_benzene_ring,
          chequers_serial_rivers_room_a, hangedman_feature_mirror,
          nicolae_dithmenos_the_darkroom
Temple:   eino_temple_water
IceCv:    ice_cave_small_giant

Skill      XL: |  1  2  3  4  5  6  7  8  9 10 11 |
---------------+----------------------------------+-----
Fire Magic     | 4 5 6 7 9 11 12 13 | 13.8
Conjurations   | 2 3 4 6 7 9 |  9.9
Spellcasting   | 4 5 6 8 9 10 11 | 11.8
Dodging        | 3 4 |  4.2
Stealth        | 3 |  3.0
Evocations     | 2 4 |  4.0
Fighting       | 2 |  2.0

Action                   |  1- 3 |  4- 6 |  7- 9 | 10-12 || total
-------------------------+-------+-------+-------+-------++-------
Melee: Whip              |     1 |     5 |     9 |    14 ||    29
 Cast: Foxfire           |    96 |   161 |   334 |   139 ||   730
       Sticky Flame      |       |       |     4 |    35 ||    39
       Conjure Flame     |       |       |     3 |    10 ||    13
       Fireball          |       |       |       |    55 ||    55
Evoke: Wand              |       |       |       |     6 ||     6
  Use: Scroll            |       |       |    11 |     6 ||    17
 Stab: Paralysed         |       |       |       |    11 ||    11
Armor: Robe              |    12 |     1 |     9 |    10 ||    32
Dodge: Dodged            |    18 |     7 |    30 |    45 ||   100
Block: Other             |       |     3 |    12 |     7 ||    22
       Reflection        |       |       |       |     1 ||     1

Table legend: (Time is in decaauts)
 A = Elapsed time spent in this place.
 B = Non-inter-level travel time spent in this place.
 C = Inter-level travel time spent in this place.
 D = Time resting spent in this place.
 E = Time spent auto-exploring this place.
 F = Levels seen in this place.
 G = Mean time per level.
                   A        B        C        D        E       F      G
               +--------+--------+--------+--------+--------+-----+--------+
         Total |  12545 |  12133 |    412 |   1028 |   8955 |  14 |  896.1 |
       Dungeon |  10828 |  10431 |    397 |    387 |   8172 |  12 |  902.3 |
        Temple |    130 |    115 |     15 |      0 |    106 |   1 |  130.0 |
      Ice Cave |   1586 |   1586 |      0 |    641 |    677 |   1 | 1586.0 |
               +--------+--------+--------+--------+--------+-----+--------+

Top non-repeatable levels by time:
   IceCv: 1586 daAuts
     D:6: 1301 daAuts
     D:1: 1294 daAuts
     D:2: 1240 daAuts
     D:3: 1120 daAuts
     D:5: 1041 daAuts
     D:9: 987 daAuts
     D:4: 871 daAuts
     D:8: 807 daAuts
     D:7: 786 daAuts
    D:12: 641 daAuts
    D:11: 458 daAuts
    D:10: 276 daAuts
  Temple: 130 daAuts
